 Dungeon Crawl Stone Soup version 0.32-a0-330-g213d367 (webtiles) character file.

Game seed: 15057497594385846927

18 insane60 the Chopper (level 2, 26/26 HPs)
             Began as a Mountain Dwarf Fighter on Feb 16, 2024.
             Quit the game on level 1 of the Dungeon.
             The game lasted 00:01:05 (215 turns).

insane60 the Chopper (Mountain Dwarf Fighter)        Turns: 215, Time: 00:01:05

Health: 26/26      AC:  6    Str: 18    XL:     2   Next: 48%
Magic:  2/2        EV:  9    Int:  8    God:
Gold:   0          SH:  4    Dex:  9    Spells: 1/1 levels left

rFire   . . .        a - +0 war axe
rCold   . . .        c - +0 buckler
rNeg    . . .        b - +0 scale mail
rPois   .            (no helmet)
rElec   .            (no cloak)
rCorr   .            (no gloves)
SInv    .            (no boots)
Will    .....        (no amulet) Stlth
                     (no ring)
HPRegen 0.24/turn    (no ring)
MPRegen 0.08/turn

%: no passive effects
@: no status effects
A: runic magic, artefact enchanting
a: no special abilities


You were on level 1 of the Dungeon.
You visited 1 branch of the dungeon, and saw 1 of its levels.

Inventory:

Hand Weapons
 a - a +0 war axe (weapon)
Armour
 b - a +0 scale mail (worn)
 c - a +0 buckler (worn)
Scrolls
 e - 3 scrolls of noise {unknown}
 g - a scroll of enchant weapon {unknown}
Potions
 d - a potion of might
 f - a potion of brilliance {unknown}
 h - a potion of haste {unknown}


   Skills:
 - Level 3.2 Fighting
 + Level 3.9 Axes
 - Level 3.2 Armour
 - Level 3.2 Shields


You had one spell level left.
You didn't know any spells.
Your spell library was empty.

Dungeon Overview and Level Annotations

Branches:
Dungeon (1/15)

Altars:

Shops:
D:1 :


Innate Abilities, Weirdness & Mutations

Your spellcasting is much less encumbered by armour.
You can use scrolls of enchantment on lesser artefacts.


Message History

The jackal bites you.
You slash the jackal!
You kill the jackal!
You slash the jackal!
You kill the jackal!
You have reached level 2!
Health restored: 26; MP restored: 2
Found a stone staircase leading down.
h - a yellow potion A rat comes into view.
The rat squeaks loudly.
You hear a shout!
You hear a loud squeak.
You hear an angry hiss.
A ball python comes into view.
The ball python hisses angrily.
A hobgoblin comes into view.
You hit the ball python.
You kill the ball python!
A rat comes into view.
The rat squeaks loudly.
The rat completely misses you.
You see here a ball python corpse.
You slash the rat!
You kill the rat!
The hobgoblin hits you but does no damage.
You barely miss the hobgoblin. The hobgoblin completely misses you.
You barely miss the hobgoblin.
The hobgoblin hits you but does no damage.
You hit the hobgoblin but do no damage.
A frilled lizard comes into view.
The hobgoblin barely misses you. The hobgoblin closely misses you.
You closely miss the hobgoblin.
The hobgoblin hits you but does no damage.
You hit the hobgoblin.
You kill the hobgoblin!
You slash the rat!
You kill the rat!
You slash the frilled lizard!
You kill the frilled lizard!
No target in view!
Are you sure you want to abandon this character and quit the game? (Confirm with "yes".)

.....# ..... ....
.. ... . .. . #. .#
#####†###.####
+.....@....... ß
######...#...# #.
#..###...# ..
#..###...# #.
###.....### . ..
#..........+ ..
#.#.#.###...####...
#..>....#..........
#.#..............#


There were no monsters in sight!

Vanquished Creatures
  A ball python (D:1)
  An endoplasm (D:1)
  A hobgoblin (D:1)
  2 jackals (D:1)
  A quokka (D:1)
  A bat (D:1)
  A frilled lizard (D:1)
  2 rats (D:1)
10 creatures vanquished.

Notes
Turn   | Place    | Note
-------+----------+-------------------------------------------
     0 | D:1      | insane60 the Mountain Dwarf Fighter began the quest for the
                  | Orb.
     0 | D:1      | Reached XP level 1. HP: 19/19 MP: 1/1
   131 | D:1      | Found Nol Huas's Book Boutique.
   177 | D:1      | Reached XP level 2. HP: 26/26 MP: 2/2
   215 | D:1      | Quit the game

Illustrated notes

Levels and vault maps discovered:
D:1:      dpeg_arrival_brainrot, layout_basic,
          dreamdust_ecumenical_altar_angels_and_demons, serial_shops, shop

Skill      XL: |  1 |
---------------+----+-----
Axes           | 3 |  3.9
Fighting       | |  3.2
Armour         | |  3.2
Shields        | |  3.2

Action                     || total
---------------------------++-------
  Melee: War axe           ||    13
 Armour: Scale mail        ||     5
  Dodge: Dodged            ||     5

Table legend: (Time is in decaauts)
 A = Elapsed time spent in this place.
 B = Non-inter-level travel time spent in this place.
 C = Inter-level travel time spent in this place.
 D = Time resting spent in this place.
 E = Time spent auto-exploring this place.
 F = Levels seen in this place.
 G = Mean time per level.
                   A        B        C        D        E       F      G
               +--------+--------+--------+--------+--------+-----+--------+
         Total |    219 |    219 |      0 |      0 |    172 |   1 |  219.0 |
       Dungeon |    219 |    219 |      0 |      0 |    172 |   1 |  219.0 |
               +--------+--------+--------+--------+--------+-----+--------+

Top non-repeatable levels by time:
     D:1: 219 daAuts
